 Dungeon Crawl Stone Soup version 0.20.0 (webtiles) character file.

16834 Llamajah the Protected (level 12, 0/106 HPs)
             Began as a Minotaur Fighter on July 13, 2017.
             Was a High Priest of Okawaru.
             Slain by a warg (12 damage)
             ... led by an orc knight
             ... on level 13 of the Dungeon.
             The game lasted 00:35:38 (12688 turns).

Llamajah the Protected (Minotaur Fighter)          Turns: 12688, Time: 00:35:39

Health: 0/106      AC: 17    Str: 22    XL:     12   Next: 13%
Magic:  11/11      EV: 12    Int: 10    God:    Okawaru [*****.]
Gold:   762        SH:  0    Dex: 14    Spells: 11/11 levels left

rFire    . . .     SeeInvis .   d - +0 great mace (protect)
rCold    + . .     Gourm    .   (shield currently unavailable)
rNeg     . . .     Faith    .   G - +0 plate armour
rPois    .         Spirit   .   (helmet restricted)
rElec    .         Reflect  .   (no cloak)
rCorr    .         Harm     +   v - +0 pair of gloves
MR       .....                  (no boots)
Stlth    ..........             H - amulet of harm
Regen    0.3/turn               e - ring of wizardry
MPRegen  0.2/turn               (no ring)

@: brilliant, drained
A: retaliatory headbutt, hooves 1, horns 2, cold resistance 1
a: Heroism, Finesse, Renounce Religion


You were on level 13 of the Dungeon.
You worshipped Okawaru.
Okawaru was extremely pleased with you.
You were not hungry.

You visited 2 branches of the dungeon, and saw 14 of its levels.

You collected 762 gold pieces.

Inventory:

Hand Weapons
 d - a +0 great mace of protection (weapon)
 A - a +2 flail of crushing
 D - a +0 morningstar
Armour
 c - a +0 shield
 v - a +0 pair of gloves (worn)
 G - a +0 plate armour (worn)
Jewellery
 b - an uncursed amulet of the gourmand
 e - a ring of wizardry (left hand)
 H - an amulet of harm (around neck)
Wands
 K - a wand of acid (5/15)
 L - a wand of enslavement (7/24)
 N - a wand of random effects (15/48)
 O - a wand of lightning (8/15)
Scrolls
 i - 2 scrolls of magic mapping
 j - 2 scrolls of remove curse
 m - a scroll of fear
 p - a scroll of vulnerability {unknown}
 s - 4 scrolls of recharging
 t - 4 scrolls of enchant armour
 u - 2 scrolls of noise {unknown}
 w - 3 scrolls of teleportation
 x - 2 scrolls of enchant weapon {unknown}
 y - 2 scrolls of fog {unknown}
 B - a scroll of acquirement {unknown}
 C - 2 scrolls of silence {unknown}
 J - a scroll of torment {unknown}
Potions
 a - a potion of mutation
 k - 2 potions of flight
 l - 9 potions of curing
 n - 4 potions of lignification
 q - 2 potions of haste
 z - 2 potions of agility
Books
 o - a book of Minor Magic

   Spells                             Type                      Level
   a - Magic Dart                     Conjuration                  1
   b - Blink                          Translocation                2
   c - Call Imp                       Summoning                    2
   d - Slow                           Hexes                        2
   e - Conjure Flame                  Conjuration/Fire             3
   f - Mephitic Cloud                 Conjuration/Poison/Air       3
 F - a book of Beasts

   Spells                             Type                      Level
   a - Summon Butterflies             Summoning                    1
   b - Call Canine Familiar           Summoning                    3
   c - Summon Ice Beast               Ice/Summoning                4
   d - Summon Mana Viper              Hexes/Summoning              5
   e - Summon Hydra                   Summoning                    7
 I - a book of Debilitation

   Spells                             Type                      Level
   a - Corona                         Hexes                        1
   b - Slow                           Hexes                        2
   c - Inner Flame                    Hexes/Fire                   3
   d - Portal Projectile              Hexes/Translocation          3
   e - Cause Fear                     Hexes                        4
   f - Leda's Liquefaction            Hexes/Earth                  4
Comestibles
 f - 10 bread rations
 g - 16 fruits
 h - 5 meat rations
 r - 3 royal jellies
 M - 3 chunks of flesh


   Skills:
 + Level 10.0(9.5) Fighting
 + Level 9.5(9.0) Maces & Flails
 * Level 12.9(12.3) Armour
 * Level 11.6(11.1) Dodging
 - Level 9.4(8.9) Shields


You had 11 spell levels left.
You didn't know any spells.

Dungeon Overview and Level Annotations

Branches:
Dungeon (13/15)            Temple (1/1) D:7            Lair (0/6) D:8
    Orc (0/2) D:10
 Vaults: D:13-14

Altars:
Cheibriados
Dithmenos
Elyvilon
Fedhas
Hepliaklqana
Nemelex Xobeh
Okawaru
Qazlal
Ru
Sif Muna
Trog
Uskayaw
Vehumet
Xom
Zin
The Shining One

Shops:
D:9 }   D:10 }(!(

Annotations:
D:10 1 runed door, exclusion: orange crystal statue


Innate Abilities, Weirdness & Mutations

You reflexively headbutt those who attack you in melee.
You have a pair of horns on your head.
You have large cloven feet.
Your flesh is cold resistant. (rC+)


Message History

The orc sorcerer mumbles some strange words.
The soul eater draws from the surrounding life force!
There is a stone staircase leading down, spattered with blood here.
You can't go up here!
The soul eater draws from the surrounding life force!
* * * LOW HITPOINT WARNING * * *
The orc warrior closely misses you. You furiously retaliate!
You headbutt the orc warrior!
You climb downwards.
You feel a wave of frost pass over you.
There is an entrance to an ice cave on this level.
Hurry and find it before the portal melts!
You hear the quick crackling of a very distant melting archway.
The warg bites you but does no damage. The orc warrior hits you with a glaive!
* * * LOW HITPOINT WARNING * * *
The warg completely misses you. You furiously retaliate!
You headbutt the warg.
There is a stone staircase leading up, spattered with blood here.
It was a potion of brilliance.
You feel clever all of a sudden. The warg bites you!
You die... ###########.### #...oh@ooo...!. +..#########.###

You could see an orc knight, a warg and 3 orc warriors.

Vanquished Creatures
  Harold (D:11)
  A hydra (D:11)
  A two-headed ogre (D:9)
  An unseen horror (D:10)
  3 ugly things (D:11)
  A manticore (D:12)
  A centaur zombie (D:11)
  A centaur skeleton (D:10)
  A gargoyle (D:9)
  4 trolls
  Grum (D:11)
  19 yaks
  2 wyverns
  A basilisk (D:12)
  A hungry ghost (D:10)
  A steam dragon (D:10)
  A soldier ant (D:12)
  2 water moccasins
  An acid dragon (D:11)
  2 porcupines (D:8)
  3 sky beasts
  A necrophage (D:6)
  4 orc warriors
  2 ice beasts (D:11)
  3 black bears
  An eye of draining (D:11)
  3 phantoms (D:10)
  10 ogres
  4 wolves (D:11)
  3 centaurs
  2 crocodiles
  3 big kobolds
  The ghost of ayylmao420 the Stinger, an amateur OpVM (D:3)
  5 bullfrogs
  7 scorpions
  2 wyvern skeletons
  19 killer bees
  7 howler monkeys
  2 bullfrog zombies
  5 crimson imps
  4 hounds
  2 jellies
  6 orc priests
  12 orc wizards
  An iguana (D:6)
  9 worker ants
  6 ogre zombies (D:10)
  A hound zombie (D:11)
  3 hound skeletons
  A worker ant zombie (D:5)
  A gnoll (D:2)
  12 adders
  3 shadow imps
  2 adder skeletons
  6 worms
  A dart slug (D:2)
  4 leopard geckos
  25 orcs
  3 ball pythons
  6 giant cockroaches
  5 hobgoblins
  7 jackals
  2 quokkas
  6 bats
  4 frilled lizards
  8 goblins
  3 goblin zombies (D:10)
  2 hobgoblin zombies (D:10)
  21 kobolds
  3 orc skeletons (D:10)
  11 orc zombies (D:10)
  A quokka skeleton (D:6)
  2 rats (D:3)
  A butterfly (D:10)
317 creatures vanquished.

Notes
Turn   | Place    | Note
-------+----------+-------------------------------------------
     0 | D:1      | Llamajah the Minotaur Fighter began the quest for the Orb.
     0 | D:1      | Reached XP level 1. HP: 19/19 MP: 0/0
   199 | D:1      | Reached XP level 2. HP: 27/27 MP: 1/1
   553 | D:2      | Reached skill level 4 in Armour
   609 | D:2      | Reached XP level 3. HP: 5/33 MP: 2/2
   614 | D:2      | Reached skill level 1 in Dodging
   624 | D:2      | HP: 1/33 [poisoned by an adder]
  1299 | D:2      | Reached XP level 4. HP: 40/40 MP: 3/3
  1698 | D:3      | You fall through a shaft for 2 floors!
  1698 | D:5      | Entered Level 5 of the Dungeon
  1732 | D:4      | Noticed an ogre
  1829 | D:3      | Gained mutation: You have a pair of large horns on your head. [potion of mutation]
  1829 | D:3      | Gained mutation: Your flesh is heat resistant. (rF+) [potion of mutation]
  1829 | D:3      | Gained mutation: Your spells are a little harder to cast, but a little more powerful. [potion of mutation]
  2245 | D:3      | Noticed ayylmao420's ghost (amateur OpVM)
  2255 | D:3      | Killed ayylmao420's ghost
  2255 | D:3      | Reached skill level 5 in Armour
  2255 | D:3      | Reached XP level 5. HP: 40/47 MP: 4/4
  2413 | D:4      | Found a white marble altar of Elyvilon.
  2413 | D:4      | Found a sparkling altar of Nemelex Xobeh.
  2414 | D:4      | Found a stormy altar of Qazlal.
  2416 | D:4      | Found a blossoming altar of Fedhas.
  2445 | D:4      | Killed an ogre
  2445 | D:4      | Reached XP level 6. HP: 14/53 MP: 5/5
  2968 | D:4      | Lost mutation: You have a pair of large horns on your head. [potion of mutation]
  2968 | D:4      | Lost mutation: Your spells are a little harder to cast, but a little more powerful. [potion of mutation]
  2968 | D:4      | Lost mutation: Your flesh is heat resistant. (rF+) [potion of mutation]
  2968 | D:4      | Gained mutation: Your flesh is cold resistant. (rC+) [potion of mutation]
  2968 | D:4      | Gained mutation: You have large cloven feet. [potion of mutation]
  3134 | D:4      | Reached skill level 5 in Fighting
  3384 | D:5      | Reached skill level 6 in Armour
  3394 | D:5      | Reached XP level 7. HP: 61/61 MP: 6/6
  3395 | D:5      | Found a glowing golden altar of the Shining One.
  4399 | D:6      | Reached skill level 5 in Shields
  4429 | D:6      | Found a shimmering altar of Xom.
  4549 | D:6      | Found a blossoming altar of Fedhas.
  4692 | D:6      | Reached skill level 7 in Armour
  4692 | D:6      | Reached skill level 5 in Dodging
  4692 | D:6      | Reached XP level 8. HP: 47/70 MP: 7/7
  4695 | D:6      | Reached skill level 5 in Maces & Flails
  5265 | D:6      | Reached skill level 8 in Armour
  5894 | D:7      | Reached XP level 9. HP: 68/78 MP: 8/8
  6072 | D:7      | Reached skill level 9 in Armour
  6466 | D:7      | Found a staircase to the Ecumenical Temple.
  6695 | Temple   | Entered the Ecumenical Temple
  6747 | Temple   | Became a worshipper of Warmaster Okawaru
  7456 | D:8      | Reached * piety under Okawaru
  7503 | D:8      | Reached skill level 10 in Armour
  7509 | D:8      | Reached XP level 10. HP: 78/86 MP: 9/9
  7954 | D:8      | Found a staircase to the Lair.
  8077 | D:8      | Found a deep blue altar of Sif Muna.
  8300 | D:9      | Found Tak Zuu's Gadget Shop.
  8300 | D:9      | Noticed a two-headed ogre
  8317 | D:9      | Killed a two-headed ogre
  8317 | D:9      | Reached ** piety under Okawaru
  8488 | D:9      | Noticed a gargoyle
  8497 | D:9      | Killed a gargoyle
  8614 | D:10     | Entered Level 10 of the Dungeon
  8614 | D:10     | Found Labb's Antique Weapon Emporium.
  8628 | D:10     | Found Juutoam's Weapon Boutique.
  8712 | D:10     | Killed an unseen horror
  8712 | D:10     | Reached skill level 11 in Armour
  8876 | D:10     | Reached *** piety under Okawaru
  8892 | D:10     | Noticed an orange crystal statue
  9016 | D:10     | Found Zoitunes's Gadget Boutique.
  9088 | D:10     | Found a staircase to the Orcish Mines.
  9114 | D:10     | Reached skill level 10 in Dodging
  9114 | D:10     | Reached XP level 11. HP: 79/95 MP: 10/10
  9354 | D:10     | Found Hosimodgh's Distillery.
  9647 | D:10     | Found a runed door.
  9666 | D:10     | Found a runed door.
  9961 | D:11     | Reached **** piety under Okawaru
  9966 | D:11     | Noticed Harold
  9980 | D:11     | Killed Harold
 10191 | D:11     | Noticed a green ugly thing
 10209 | D:11     | Killed a green ugly thing
 10226 | D:11     | Noticed a four-headed hydra
 10227 | D:11     | Noticed Grum
 10231 | D:11     | Reached ***** piety under Okawaru
 10239 | D:11     | Killed a four-headed hydra
 10239 | D:11     | Reached skill level 12 in Armour
 10256 | D:11     | Killed Grum
 10262 | D:11     | Received a gift from Okawaru
 10600 | D:11     | Noticed a green ugly thing
 10616 | D:11     | Killed a green ugly thing
 10745 | D:11     | Noticed a green ugly thing
 10760 | D:11     | Killed a green ugly thing
 11309 | D:12     | Reached XP level 12. HP: 101/106 MP: 11/11
 12089 | D:12     | Reached skill level 10 in Fighting
 12688 | D:13     | Slain by a warg

Skill      XL: |  1  2  3  4  5  6  7  8  9 10 11 12 |
---------------+-------------------------------------+-----
Fighting       | 4 5 6 7 8 9 10 | 10.0
Armour         | 4 5 6 7 8 10 11 12 | 12.9
Maces & Flails | 3 4 6 7 8 9 |  9.5
Dodging        | 1 2 3 4 5 6 8 10 11 | 11.6
Shields        | 4 5 6 7 8 9 |  9.4

Action                   |  1- 3 |  4- 6 |  7- 9 | 10-12 || total
-------------------------+-------+-------+-------+-------++-------
Melee: Flail             |   120 |   115 |   289 |   400 ||   924
       Headbutt          |    16 |    22 |    54 |   119 ||   211
       Kick              |       |     6 |    94 |   200 ||   300
       Great mace        |       |       |       |   161 ||   161
Invok: Heroism           |       |       |       |     5 ||     5
  Use: Potion            |       |     6 |     2 |     3 ||    11
       Scroll            |       |     5 |     2 |     6 ||    13
  Eat: Chunk             |     1 |    15 |    19 |     8 ||    43
       Royal jelly       |       |       |       |     1 ||     1
Armor: Scale mail        |    74 |    37 |       |       ||   111
       Skin              |       |     5 |       |       ||     5
       Chain mail        |       |     9 |    42 |       ||    51
       Plate armour      |       |       |    82 |   234 ||   316
Dodge: Dodged            |    25 |    46 |    90 |   289 ||   450
Block: Shield            |    76 |    67 |   153 |   182 ||   478
